 Dungeon Crawl Stone Soup version 0.18.1-48-g4cf74bf (webtiles) character file.

63 HolyGrifer the Bolt Thrower (level 4, 0/25 HPs)
             Began as a Kobold Arcane Marksman on Aug 16, 2016.
             Succumbed to a kobold's poison
             ... on level 3 of the Dungeon.
             The game lasted 00:16:02 (2407 turns).

HolyGrifer the Bolt Thrower (KoAM)                  Turns: 2407, Time: 00:16:03

Health: 0/25       AC:  7    Str: 12    XL:     4   Next: 30%
Magic:  5/5        EV: 15    Int: 11    God:
Gold:   74         SH:  0    Dex: 16    Spells: 1 memorised, 4 levels left

rFire  . . .     SeeInvis .     a - +0 hand crossbow
rCold  . . .     Gourm    .     p - +0 leather armour
rNeg   . . .     Faith    .     (shield restricted)
rPois  .         Spirit   .     e - +0 helmet
rElec  .         Dismiss  .     h - +2 cloak
rCorr  .         Reflect  .     (no gloves)
SustAt .         Harm     .     (no boots)
MR     .....     Rnd*Rage +     (no amulet)
Stlth  +......... Rnd*Tele +    (no ring)
                                n - +3 ring of strength

@: lethally poisoned (0 -> -23), about to teleport, not resistant to hostile
enchantments, very unstealthy
A: berserk 1, carnivore 3, sense surroundings 1, teleportitis 1
a: no special abilities


You were on level 3 of the Dungeon.
You were not hungry.

You visited 1 branch of the dungeon, and saw 3 of its levels.

You collected 74 gold pieces.

Inventory:

Hand Weapons
 a - a +0 hand crossbow (weapon)
Missiles
 b - 7 poisoned needles
 o - 17 sling bullets
Armour
 e - a +0 helmet (worn)
 h - a +2 cloak (worn)
 p - a +0 leather armour (worn)
Jewellery
 n - a +3 ring of strength (left hand)
Scrolls
 i - 2 scrolls of teleportation
 m - 5 scrolls of identify
Potions
 g - a potion of heal wounds {unknown}
 j - a potion of might {unknown}
 k - a potion of brilliance {unknown}
 l - a potion of agility {unknown}
Books
 c - a book of Debilitation

   Spells                             Type                      Level
   a - Corona                         Hexes                        1
   b - Slow                           Hexes                        2
   c - Gell's Gravitas                Hexes/Translocation          3
   d - Inner Flame                    Hexes/Fire                   3
   e - Cause Fear                     Hexes                        4
   f - Leda's Liquefaction            Hexes/Earth                  4
Comestibles
 f - 2 meat rations
 q - a bread ration
 r - 5 fruits


   Skills:
 + Level 1.1 Fighting
 + Level 3.7 Crossbows
 + Level 0.1 Armour
 + Level 3.3 Dodging
 + Level 1.2 Spellcasting
 + Level 3.5 Hexes


You had 4 spell levels left.
You knew the following spells:

 Your Spells              Type           Power        Failure   Level  Hunger
a - Corona                Hex            #......      12%         1    ##.....


Dungeon Overview and Level Annotations

Branches:
Dungeon (3/15)

Altars:
Trog


Innate Abilities, Weirdness & Mutations

You are small and have problems with some larger weapons.
You are carnivorous and can eat meat at any time.
You tend to lose your temper in combat.
You passively map a small area around you.
You are occasionally teleported next to monsters.


Message History

The kobold shoots a poisoned needle.
The poisoned needle misses you.
Things that are here:
a poisoned needle; a plate armour
* * * LOW HITPOINT WARNING * * *
You feel sick. The bat hits you but does no damage.
The kobold shoots a poisoned needle.
The poisoned needle hits you!
You are more poisoned.
The bat misses you.
You see here a poisoned needle.
* * * LOW HITPOINT WARNING * * *
You feel sick. The bat misses you. The bat barely misses you.
The goblin shoots a stone.
The stone closely misses you.
The kobold unwields an uncursed blowgun.
The kobold hits you but does no damage. The adder bites you.
* * * LOW HITPOINT WARNING * * *
You see here a stone.
Read which item? (? for menu, Esc to quit)
As you read the scroll of teleportation, it crumbles to dust.
You feel strangely unstable.
You die...

#.....#... #≈≈≈..+
......#..# ,.<#≈≈..#
#.###.#..##.# #≈≈..#####
......#.... * #≈≈g.g....
,
...#..##o######≈≈≈h.....
........o.ros.(>≈≈≈≈≈≈≈
####..o.###.###s.≈b≈≈≈≈
#....# #.##bS.!#####
#....# #.##((@.# #....#
#.####.K..# #....# #..,
.#.#.# #....# #.#*#.
.#.# ##...# #.# #. .# #
, * ## ##* , * , ,


You could see an adder, a jackal, a giant cockroach, 2 goblins, 2 bats and a
kobold.

Vanquished Creatures
  An adder (D:2)
  2 worms
  2 dart slugs (D:1)
  A giant gecko (D:1)
  4 giant cockroaches
  2 goblins
  9 hobgoblins
  3 jackals (D:1)
  5 kobolds
  4 bats
  2 giant newts
  5 rats
40 creatures vanquished.

Notes
Turn   | Place    | Note
--------------------------------------------------------------
     0 | D:1      | HolyGrifer the Kobold Arcane Marksman began the quest for the Orb.
     0 | D:1      | Reached XP level 1. HP: 12/12 MP: 2/2
   126 | D:1      | Reached XP level 2. HP: 16/16 MP: 3/3
   806 | D:1      | Reached XP level 3. HP: 13/20 MP: 4/4
  1151 | D:2      | Found a bloodstained altar of Trog.
  1270 | D:2      | Gained mutation: You are occasionally teleported next to monsters. [potion of mutation]
  1270 | D:2      | Gained mutation: You passively map a small area around you. [potion of mutation]
  1270 | D:2      | Gained mutation: You tend to lose your temper in combat. [potion of mutation]
  2046 | D:2      | Reached XP level 4. HP: 25/25 MP: 3/5
  2407 | D:3      | Succumbed to a kobold's poison

Skill      XL: |  1  2 |
---------------+-------+-----
Dodging        | 3 |  3.3
Crossbows      | 3 |  3.7
Fighting       | |  1.1
Armour         | |  0.1
Spellcasting   | |  1.2
Hexes          | |  3.5

Action                   |  1- 3 |  4- 6 || total
-------------------------+-------+-------++-------
Melee: Hand crossbow     |    19 |       ||    19
 Fire: Hand crossbow     |    76 |    19 ||    95
 Cast: Corona            |    12 |     6 ||    18
  Use: Scroll            |     6 |     1 ||     7
       Potion            |     1 |       ||     1
  Eat: Chunk             |     6 |     2 ||     8
Armor: Robe              |    19 |       ||    19
       Leather armour    |     9 |    19 ||    28
Dodge: Dodged            |   107 |    57 ||   164
